 Dungeon Crawl Stone Soup version 0.30-a0-1160-g6e42c06551 (webtiles) character file.

Game seed: 2151209372590250017

380 Jeffwins the Digger (level 7, -1/46 HPs)
             Began as a Human Wanderer on Apr 26, 2023.
             Slain by Grinder (6 damage)
             ... on level 3 of the Dungeon.
             The game lasted 00:04:28 (2371 turns).

Jeffwins the Digger (Human Wanderer)                Turns: 2371, Time: 00:04:29

Health: -1/46      AC:  3    Str: 12 (15) XL:     7   Next: 4%
Magic:  0/11       EV: 11    Int: 13 (15) God:
Gold:   111        SH:  0    Dex:  7 (9)  Spells: 5/11 levels left

rFire   + . .        a - +4 hand axe "Cisoazxa" {drain, rC+}
rCold   + + .        (no shield)
rNeg    . . .        c - +0 leather armour
rPois   +            (no helmet)
rElec   +            (no cloak)
rCorr   +            (no gloves)
SInv    +            (no boots)
Will    .....        (no amulet)
Stlth   +            v - ring of see invisible
HPRegen 0.27/turn    R - ring of resist corrosion
MPRegen 0.12/turn

%: no passive effects
@: resistant
A: no striking features
a: no special abilities


You were on level 3 of the Dungeon.
You visited 1 branch of the dungeon, and saw 3 of its levels.

You collected 111 gold pieces.


   Skills:
 - Level 1.0 Armour
 - Level 1.0 Dodging
 + Level 2.3 Stealth
 * Level 2.9 Spellcasting
 * Level 3.4 Air Magic
 * Level 3.5 Earth Magic
 * Level 2.5 Poison Magic
 + Level 2.8 Evocations


You had 5 spell levels left.
You knew the following spells:

 Your Spells              Type           Power      Damage    Failure   Level
p - Poisonous Vapours     Pois/Air       18%        N/A       13%         2
x - Stone Arrow           Conj/Erth      12%        3d7       38%         3
z - Sandblast             Erth           22%        2d7       7%          1

Your spell library contained the following spells:

 Spells                   Type           Power      Damage    Failure   Level
 Cigotuvi's Dreadful Rot  Necr/Pois/Air  14%        N/A       21%         2
 Static Discharge         Conj/Air       12%        2-3/arc   22%         2
 Airstrike                Air            5%         2d(1-17)  58%         4
 Petrify                  Tmut/Erth      6%         N/A       80%         4
 Summon Lightning Spire   Summ/Air       6%         N/A       82%         4

Inventory:

Hand Weapons
 a - the +4 hand axe "Cisoazxa" (weapon) {drain, rC+}
   (You found it on level 2 of the Dungeon)

   rC:        It protects you from cold.
Missiles
 h - 4 javelins (quivered)
 n - 4 poisoned darts
Armour
 c - a +0 leather armour (worn)
Jewellery
 v - a ring of see invisible (left hand)
 R - a ring of resist corrosion (right hand)
Scrolls
 b - a scroll of fear
 f - 2 scrolls of identify {unknown}
 j - a scroll of poison {unknown}
 o - a scroll of enchant weapon {unknown}
 p - a scroll of teleportation {unknown}
 q - a scroll of vulnerability {unknown}
Potions
 g - a potion of ambrosia {unknown}
 l - a potion of mutation {unknown}
 m - a potion of flight {unknown}
Miscellaneous
 d - a piece from Xom's chessboard (15/15)

Dungeon Overview and Level Annotations

Branches:
Dungeon (3/15)

Altars:
Uskayaw

Annotations:
D:1 1 exclusion
D:2 1 exclusion
D:3 Grinder

#..# #. #..#
#.. #.5#
.#.# #$.#
..... #).#
...######.o#
.........#
.#b####)##
#.)@5).#
#.###### #.
#. .. .. ...
.[.


You could see Grinder and a bat.


Message History

* * * LOW HITPOINT WARNING * * *
The bat misses you.
Casting: Sandblast (safe; 6% risk of failure)
Confirm with . or Enter, or press ? or * to list all spells.
Aiming: Sandblast (safe; 6% risk of failure)
Press: ? - help, Shift-Dir - straight line, f/p - Grinder
Aim: Grinder, carrying a wand of flame (20) (heavily wounded, 80% to hit)
The blast of sand hits Grinder!
Grinder is severely wounded.
The bat hits you but does no damage. Grinder gestures at you.
Pain shoots through your body!
* * * LOW HITPOINT WARNING * * *
Grinder hits you.
* * * LOW HITPOINT WARNING * * *
Unknown command.
You feel better. The bat hits you but does no damage.
Grinder closely misses you.
Unknown command.
Unknown command.
It was a potion of resistance.
You feel protected.
Grinder zaps a wand.
The puff of flame hits you. You resist.
* * * LOW HITPOINT WARNING * * *
Unknown command.
It was a potion of degeneration.
There was something very wrong with that liquid.
You feel weakened.
You feel dopey.
You feel clumsy. The bat barely misses you. Grinder hits you.
You die...

Skill      XL: |  1  2  3  4  5 |
---------------+----------------+-----
Poison Magic   | 1 2 |  2.5
Spellcasting   | 2 |  2.9
Earth Magic    | 3 |  3.5
Stealth        | 2 |  2.3
Air Magic      | 3 |  3.4
Armour         | |  1.0
Dodging        | |  1.0
Evocations     | |  2.8

Action                     |  1- 3 |  4- 6 |  7- 9 || total
---------------------------+-------+-------+-------++-------
  Melee: Club              |    14 |       |       ||    14
         Scimitar          |     8 |     9 |       ||    17
         Mace              |     2 |       |       ||     2
         Hand axe          |       |    11 |     1 ||    12
  Throw: Javelin           |       |     3 |       ||     3
   Cast: Sandblast         |    37 |    51 |     8 ||    96
         Poisonous Vapours |       |     4 |       ||     4
    Use: Potion            |       |       |     4 ||     4
   Stab: Sleeping          |       |     1 |       ||     1
 Armour: Leather armour    |    15 |    17 |     3 ||    35
  Dodge: Dodged            |    36 |    38 |     9 ||    83

Levels and vault maps discovered:
D:1:      tekkud_arrival_beachfront_property, layout_loops_cross, serial_glass,
          glass_columns_b, glass_columns_c, feat_on_display,
          due_unseen_surprise, minmay_strange_pillars,
          chequers_ecumenical_altar_grove
D:2:      layout_basic, basic_altar, lightli_corner_chamber, uniq_sigmund,
          uniq_natasha
D:3:      layout_loops_ring, minmay_fractal_squares_diagonal_5, uniq_grinder,
          uniq_jessica

Notes
Turn   | Place    | Note
-------+----------+-------------------------------------------
     0 | D:1      | Jeffwins the Human Wanderer began the quest for the Orb.
     0 | D:1      | Jeffwins set off with the following items: a +0 club, a
                  | scroll of fear, a +0 leather armour, a piece from Xom's
                  | chessboard (15/15); and the following spell memorised:
                  | Sandblast; and the following spells available to memorise:
                  | Poisonous Vapours, Cigotuvi's Dreadful Rot, Stone Arrow,
                  | Petrify.
     0 | D:1      | Reached XP level 1. HP: 13/13 MP: 2/2
   193 | D:1      | Reached XP level 2. HP: 19/19 MP: 0/3
   197 | D:1      | Learned a level 2 spell: Poisonous Vapours
   429 | D:1      | Found a faded altar of an unknown god.
  1106 | D:2      | Reached XP level 3. HP: 22/24 MP: 5/5
  1191 | D:2      | Noticed Natasha
  1199 | D:2      | Killed Natasha
  1267 | D:2      | Reached XP level 4. HP: 22/30 MP: 6/6
  1306 | D:2      | Learned a level 3 spell: Stone Arrow
  1322 | D:2      | Reached skill level 1 in Poison Magic
  1400 | D:2      | Reached skill level 2 in Spellcasting
  1507 | D:2      | Noticed Natasha
  1580 | D:2      | Killed Natasha
  1581 | D:2      | Reached XP level 5. HP: 20/35 MP: 4/8
  1739 | D:2      | Found a hide-covered altar of Uskayaw.
  1851 | D:2      | Reached skill level 3 in Earth Magic
  1851 | D:2      | Noticed Sigmund
  1908 | D:2      | Killed Sigmund
  1909 | D:2      | Reached skill level 2 in Stealth
  1909 | D:2      | Reached skill level 3 in Air Magic
  1909 | D:2      | Reached skill level 2 in Poison Magic
  1909 | D:2      | Reached XP level 6. HP: 41/41 MP: 0/10
  2075 | D:2      | Identified the +4 hand axe "Cisoazxa" {drain, rC+}
  2350 | D:3      | Noticed Grinder
  2357 | D:3      | Reached XP level 7. HP: 35/46 MP: 6/11
  2368 | D:3      | HP: 2/46 [Grinder (3)]
  2370 | D:3      | Identified a potion of resistance
  2371 | D:3      | Slain by Grinder

Vanquished Creatures
  Sigmund (D:2)
  An orc priest (D:3)
  Natasha (twice) (D:2)
  An orc wizard (D:3)
  3 gnolls (D:2)
  4 adders (D:2)
  2 worms (D:2)
  A dart slug (D:2)
  6 orcs (D:3)
  An endoplasm (D:2)
  6 goblins
  2 hobgoblins (D:1)
  5 ball pythons
  7 bats
  4 frilled lizards
  2 kobolds
  6 rats
54 creatures vanquished.

Table legend: (Time is in decaauts)
 A = Elapsed time spent in this place.
 B = Non-inter-level travel time spent in this place.
 C = Inter-level travel time spent in this place.
 D = Time resting spent in this place.
 E = Time spent auto-exploring this place.
 F = Levels seen in this place.
 G = Mean time per level.
                   A        B        C        D        E       F      G
               +--------+--------+--------+--------+--------+-----+--------+
         Total |   2442 |   2406 |     36 |    180 |   1731 |   3 |  814.0 |
       Dungeon |   2442 |   2406 |     36 |    180 |   1731 |   3 |  814.0 |
               +--------+--------+--------+--------+--------+-----+--------+

Top non-repeatable levels by time:
     D:2: 1222 daAuts
     D:1: 1127 daAuts
     D:3: 92 daAuts

Table legend:
 A = Non-vault XP
 B = Vault XP
 C = Vault XP percentage of total XP
 D = Non-vault monster count
 E = Vault monster count
 F = Vault count percentage of total count
                 A         B        C        D         E       F
            +---------+---------+-------+---------+---------+-------
      Total |     282 |     261 |  48.1 |      51 |       3 |   5.6
            +---------+---------+-------+---------+---------+-------
        D:1 |      26 |       0 |   0.0 |      19 |       0 |   0.0
        D:2 |     162 |     258 |  61.4 |      24 |       2 |   7.7
        D:3 |      94 |       3 |   3.1 |       8 |       1 |  11.1
            +---------+---------+-------+---------+---------+-------
